Map: Орбитальная верфь

Players

NextRim - Winner!

  • Race: Protoss Protoss
  • League: Diamond

Vito

  • Race: Zerg Zerg
  • League: Diamond

VOD

Have the link to the VOD?

Description

Time

  • Played on: Nov. 12, 2015, 2:26 p.m.
  • Length: 13:19
Show
View Real Time Build Order
Export as new Build Order

NextRim Protoss - Winner!

Build Orders: Forge Fast Expand (FFE) 

Get SALT Encoding   

  12  0:02  Probe (Chrono Boost)  
  13  0:12  Probe (Chrono Boost)  
  14  0:23  Probe (Chrono Boost)  
  14  0:25  Pylon  
  15  0:43  Probe (Chrono Boost)  
  15  0:47  Forge  
  16  0:54  Probe (Chrono Boost)  
  17  1:04  Probe (Chrono Boost)  
  18  1:24  Pylon  
  18  1:27  Probe (Chrono Boost)  
  18  1:29  Nexus  
  19  1:41  Gateway  
  18  1:57  Pylon  
  18  1:59  Photon Cannon  
  18  2:01  Assimilator  
  18  2:03  Assimilator  
  18  2:06  Probe (Chrono Boost)  
  19  2:28  Cybernetics Core  
  21  2:30  Zealot  
  21  2:33  Probe (Chrono Boost)  
  22  2:41  Probe (Chrono Boost)  
  22  2:44  Probe (Chrono Boost)  
  24  2:51  Probe (Chrono Boost)  
  24  2:54  Probe (Chrono Boost)  
  26  3:02  Probe (Chrono Boost)  
  26  3:05  Probe (Chrono Boost)  
  28  3:06  Stargate  
  29  3:12  Probe (Chrono Boost)  
  29  3:15  Probe (Chrono Boost)  
  30  3:23  Mothership Core (Chrono Boost)  
  30  3:26  Probe (Chrono Boost)  
  33  3:28  Pylon  
  33  3:31  Pylon  
  33  3:36  Probe (Chrono Boost)  
  33  3:37  Protoss Air Weapons Level 1  
  34  3:42  Probe (Chrono Boost)  
  34  3:46  Assimilator  
  34  3:47  Probe (Chrono Boost)  
  36  3:58  Probe x2 (Chrono Boost)  
  36  3:59  Assimilator  
  38  4:04  Oracle  
  38  4:08  Probe x2 (Chrono Boost)  
  43  4:19  Probe x2 (Chrono Boost)  
  45  4:29  Probe x2 (Chrono Boost)  
  47  4:33  Pylon  
  47  4:40  Void Ray (Chrono Boost)  
  51  4:50  Nexus  
  51  4:52  Photon Cannon  
  51  4:55  Probe (Chrono Boost)  
  51  4:56  Probe  
  53  5:07  Probe x2  
  55  5:19  Probe  
  56  5:22  Probe  
  56  5:26  Void Ray (Chrono Boost)  
  61  5:31  Probe  
  62  5:45  Stargate  
  62  5:48  Fleet Beacon  
  62  5:51  Photon Cannon  
  62  5:52  Pylon  
  62  5:54  Pylon  
  62  5:56  Pylon  
  62  6:01  Protoss Shields Level 1  
  62  6:16  Probe, Pylon x2  
  63  6:26  Probe  
  63  6:27  Probe x2  
  63  6:32  Carrier x2 (Chrono Boost)  
  78  6:34  Graviton Catapult  
  78  6:38  Probe  
  78  6:39  Probe  
  80  6:40  Probe  
  81  7:02  Photon Cannon  
  81  7:03  Photon Cannon  
  81  7:04  Photon Cannon  
  81  7:06  Photon Cannon  
  81  7:07  Photon Cannon  
  81  7:09  Photon Cannon  
  81  7:10  Photon Cannon  
  81  7:11  Probe  
  81  7:12  Probe x2  
  84  7:22  Probe  
  84  7:24  Protoss Air Weapons Level 2, Probe  
  92  7:32  Assimilator  
  92  7:39  Assimilator  
  92  7:43  Probe  
  93  7:44  Probe x2  
  95  7:56  Probe  
  96  8:05  Probe, Carrier (Chrono Boost)  
  108  8:06  Carrier (Chrono Boost)  
  108  8:07  Probe  
  110  8:13  Stargate  
  110  8:17  Stargate  
  110  8:58  Carrier (Chrono Boost)  
  116  9:07  Carrier (Chrono Boost)  
  122  9:11  Pylon  
  122  9:12  Pylon  
  122  9:15  Nexus  
  122  9:17  Pylon  
  122  9:28  Pylon  
  122  9:29  Pylon  
  122  9:31  Pylon  
  134  9:32  Photon Cannon x2  
  134  9:33  Carrier (Chrono Boost)  
  134  9:36  Pylon  
  134  9:38  Pylon  
  134  9:40  Pylon  
  134  9:41  Carrier (Chrono Boost)  
  134  10:13  Nexus  
  140  10:16  Carrier (Chrono Boost)  
  140  10:24  Photon Cannon x2  
  140  10:26  Photon Cannon  
  140  10:27  Photon Cannon  
  140  10:29  Photon Cannon  
  140  10:33  Carrier (Chrono Boost)  
  146  10:39  Protoss Air Weapons Level 3  
  146  10:56  Assimilator  
  146  11:00  Carrier (Chrono Boost)  
  146  11:01  Assimilator  
  152  11:18  Photon Cannon  
  152  11:20  Photon Cannon  
  152  11:21  Photon Cannon  
  142  12:02  Pylon  
  142  12:03  Pylon  
  142  12:04  Probe, Assimilator  
  142  12:05  Probe x2  
  145  12:16  Void Ray (Chrono Boost)  
  145  12:17  Void Ray (Chrono Boost)  
  145  12:20  Probe x2  
  145  12:21  Probe  
  145  12:22  Probe, Void Ray x2 (Chrono Boost)  
  165  12:30  Probe  
  165  12:33  Probe  
Show
View Real Time Build Order
Export as new Build Order

Vito Zerg 

Build Orders: Hatch First 

Get SALT Encoding   

  12  0:01  Drone  
  13  0:08  Drone  
  14  0:16  Overlord  
  14  0:34  Drone x3  
  17  0:51  Hatchery  
  17  0:55  Drone  
  17  0:58  Drone  
  18  1:10  Spawning Pool  
  17  1:14  Drone  
  17  1:16  Extractor  
  17  1:18  Drone  
  18  1:28  Drone  
  19  1:58  Queen  
  19  2:00  Zergling x2  
  22  2:01  Overlord  
  22  2:06  Queen  
  25  2:15  Zergling x2  
  25  2:17  Zergling x2  
  25  2:20  Drone  
  27  2:25  Drone  
  27  2:27  Drone  
  29  2:30  Drone  
  30  2:38  Metabolic Boost  
  30  2:41  Drone  
  30  2:42  Drone  
  32  2:48  Drone x2  
  34  2:58  Drone x2  
  35  3:06  Drone  
  35  3:07  Overlord  
  36  3:15  Hatchery  
  35  3:21  Drone  
  35  3:24  Extractor  
  35  3:26  Extractor  
  34  3:27  Drone x2, Roach Warren  
  34  3:28  Drone  
  34  3:31  Drone  
  34  3:32  Drone  
  38  3:35  Drone  
  38  3:38  Drone x2  
  38  3:40  Drone  
  42  3:45  Extractor  
  42  3:47  Drone x3  
  44  3:58  Overlord  
  44  3:59  Overlord  
  44  4:08  Lair  
  44  4:14  Overlord  
  44  4:26  Evolution Chamber, Drone x3  
  44  4:27  Evolution Chamber, Drone  
  44  4:29  Drone x3  
  44  4:31  Queen  
  49  4:34  Drone x2  
  49  4:35  Drone  
  54  4:40  Drone x2  
  54  4:44  Drone x3  
  59  4:46  Drone  
  59  4:49  Overlord  
  60  4:54  Overlord  
  60  4:57  Zerg Missile Weapons Level 1  
  60  5:02  Zerg Ground Armor Level 1  
  60  5:06  Drone  
  60  5:07  Drone  
  62  5:11  Extractor  
  62  5:12  Extractor  
  57  5:17  Spore Crawler  
  57  5:18  Spore Crawler  
  50  5:23  Spore Crawler, Drone  
  50  5:24  Drone x3  
  50  5:25  Drone  
  54  5:33  Hydralisk Den, Glial Reconstitution  
  52  5:44  Drone  
  52  5:45  Drone x6  
  52  5:46  Drone x2  
  61  5:55  Drone x2  
  61  5:56  Drone x2  
  65  5:58  Drone x2  
  65  5:59  Drone  
  65  6:02  Overlord  
  68  6:05  Overlord  
  68  6:08  Overlord  
  67  6:12  Overlord  
  67  6:16  Overlord x2  
  67  6:21  Muscular Augments  
  67  6:25  Hydralisk  
  67  6:26  Hydralisk  
  67  6:27  Hydralisk  
  67  6:29  Hydralisk  
  67  6:32  Hydralisk  
  75  6:34  Hydralisk  
  75  6:37  Hydralisk  
  75  6:39  Hydralisk  
  83  6:41  Hydralisk  
  83  6:46  Hydralisk x2  
  89  6:48  Hydralisk  
  89  6:53  Zerg Missile Weapons Level 2  
  91  6:57  Zerg Ground Armor Level 2  
  91  6:59  Overseer  
  91  7:02  Hydralisk  
  91  7:03  Hydralisk  
  91  7:06  Hydralisk  
  91  7:08  Hydralisk  
  97  7:10  Hydralisk  
  101  7:26  Hydralisk x3, Infestation Pit  
  101  7:27  Hydralisk x2  
  110  7:35  Roach x5  
  110  7:36  Roach  
  122  7:41  Overlord x2  
  122  7:46  Overlord  
  122  7:48  Overlord  
  122  7:49  Overlord  
  114  8:01  Hatchery  
  114  8:03  Roach x3  
  114  8:05  Hydralisk  
  121  8:06  Hydralisk  
  121  8:12  Hive  
  123  8:19  Drone x2  
  125  8:20  Drone  
  125  8:21  Drone x2  
  125  8:24  Hydralisk x2  
  125  8:26  Hydralisk  
  134  8:28  Hydralisk  
  136  8:36  Hydralisk x3  
  136  8:40  Hydralisk x2  
  146  8:47  Overseer  
  146  8:48  Overseer x5  
  146  8:49  Overseer  
  146  8:53  Overseer  
  138  9:07  Pneumatized Carapace  
  138  9:16  Drone x2  
  138  9:17  Drone x6  
  142  9:18  Overlord x2  
  142  9:19  Overlord  
  142  9:22  Extractor  
  142  9:23  Hatchery, Ravager x5, Extractor  
  148  9:30  Queen  
  150  9:37  Hydralisk x2  
  150  9:38  Hydralisk  
  154  9:40  Hydralisk  
  127  10:09  Zerg Missile Weapons Level 3  
  127  10:10  Zerg Ground Armor Level 3  
  127  10:13  Hydralisk  
  113  10:14  Hydralisk x4  
  113  10:16  Hydralisk  
  113  10:17  Hydralisk  
  113  10:19  Hydralisk  
  129  10:21  Zergling x2  
  129  10:22  Zergling x14  
  129  10:23  Zergling x2  
  129  10:24  Zergling x2  
  129  10:25  Zergling x2  
  129  10:26  Zergling x2  
  141  10:47  Hydralisk  
  141  10:48  Hydralisk x7  
  141  10:49  Hydralisk  
  159  10:56  Adrenal Glands  
  159  11:01  Hydralisk x2  
  151  11:12  Extractor  
  151  11:15  Extractor  
  149  11:21  Spire  
  149  11:24  Spire  
  115  11:58  Viper x2  
  115  11:59  Viper x2  
  115  12:01  Hydralisk x6  
  111  12:07  Hydralisk x3  
  111  12:08  Hydralisk  
  125  12:11  Hydralisk  
  125  12:12  Hydralisk  
  125  12:15  Hydralisk x2  
  129  12:22  Hydralisk x3  
  135  12:23  Hydralisk  
  135  12:25  Hydralisk  
  135  12:29  Hydralisk  
  138  12:43  Hydralisk x3  
  138  12:44  Hydralisk x2  
Tags
 
Add a new tag
Caveats
  • Supply blocks, unpowered buildings, or Contaminate may cause inaccurate times.
  • Supply counts are checked every 10 seconds.